TOP OF THE 1ST |
Vista Panthers batting - Pitching for San Francisco Bandits : RHP Masamichi Samurakami
|
Pitching: RHP Masamichi Samurakami
|
|
Batting: RHB Danny Crouch
|
0-0: Ground out 4-3 (Groundball, 34)
|
Batting: SHB Juan Gómez
|
0-0: Called Strike 0-1: Called Strike 0-2: Strikes out looking
|
Batting: LHB Harry Pitts
|
0-0: Foul Ball, location: 2F 0-1: SINGLE (Popup, 56)
|
Batting: RHB Wilson López
|
0-0: Ball 1-0: Foul Ball, location: 2F 1-1: Ball 2-1: Ball 3-1: Foul Ball, location: 2F 3-2: Base on Balls Harry Pitts to second
|
Batting: RHB Jason Jackson
|
0-0: Foul Ball, location: 2F 0-1: Ball 1-1: Ground out 5-3 (Groundball, 56S)
|
Top of the 1st over - 0 run(s), 1 hit(s), 0 error(s), 2 left on base; Vista 0 - San Francisco 0 |
BOTTOM OF THE 1ST |
San Francisco Bandits batting - Pitching for Vista Panthers : LHP José Zamora
|
Pitching: LHP José Zamora
|
|
Batting: RHB Pete Rideout
|
0-0: Fly out, F9 (Flyball, 89S)
|
Batting: SHB Vicente Ricks
|
0-0: Fly out, F9 (Flyball, 9M)
|
Batting: RHB Jorge Morales
|
0-0: Ball 1-0: Ground out 6-3 (Groundball, 6)
|
Bottom of the 1st over - 0 run(s), 0 hit(s), 0 error(s), 0 left on base; Vista 0 - San Francisco 0 |
TOP OF THE 2ND |
Vista Panthers batting - Pitching for San Francisco Bandits : RHP Masamichi Samurakami
|
Batting: LHB Patrick Osborne
|
0-0: Ball 1-0: Called Strike 1-1: Swinging Strike 1-2: Strikes out swinging
|
Batting: RHB John Mendelson
|
0-0: Ball 1-0: Foul Ball, location: 2F 1-1: Ball 2-1: SINGLE (Groundball, 5L)
|
Batting: RHB Roberto Cruz
|
0-0: Ball John Mendelson is caught stealing 2nd base 1-0: Ball 2-0: Called Strike 2-1: Ball 3-1: Foul Ball, location: 2F 3-2: SINGLE (Line Drive, 7S)
|
Batting: LHB António Glaviz
|
0-0: Ball 1-0: Fly out, F9 (Flyball, 89D)
|
Top of the 2nd over - 0 run(s), 2 hit(s), 0 error(s), 1 left on base; Vista 0 - San Francisco 0 |
BOTTOM OF THE 2ND |
San Francisco Bandits batting - Pitching for Vista Panthers : LHP José Zamora
|
Batting: RHB Cory Foster
|
0-0: Swinging Strike 0-1: Ball 1-1: Ball 2-1: Fly out, F7 (Line Drive, 7D)
|
Batting: RHB Michael Elliott
|
0-0: DOUBLE (Line Drive, 9LS)
|
Batting: RHB Ramón Ruíz
|
0-0: Ball 1-0: Foul Ball, location: 2F 1-1: Foul Ball, location: 2F 1-2: Ball 2-2: SINGLE (Line Drive, 78S) Michael Elliott to third
|
Batting: LHB Francisco Calderón
|
0-0: Swinging Strike 0-1: Ball 1-1: Ball 2-1: Ball 3-1: Fly out, F8 (Popup, 8LS) Runner from 3rd tags up, SCORES, throw made
|
Batting: RHB Susumu Sugiyama
|
0-0: Ball 1-0: Ground out 5-3 (Groundball, 56)
|
Bottom of the 2nd over - 1 run(s), 2 hit(s), 0 error(s), 1 left on base; Vista 0 - San Francisco 1 |
TOP OF THE 3RD |
Vista Panthers batting - Pitching for San Francisco Bandits : RHP Masamichi Samurakami
|
Batting: RHB Danny Crouch
|
0-0: Ground out 6-3 (Groundball, 6)
|
Batting: SHB Juan Gómez
|
0-0: Ball 1-0: Called Strike 1-1: Foul Ball, location: 2F 1-2: Strikes out swinging
|
Batting: LHB Harry Pitts
|
0-0: Ball 1-0: Ball 2-0: Ball 3-0: Base on Balls
|
Batting: RHB Wilson López
|
0-0: Ball 1-0: Ball 2-0: DOUBLE (Line Drive, 9LS) Harry Pitts to third Runner from 3rd tries for Home, SAFE, no throw or cutoff
|
Batting: RHB Jason Jackson
|
0-0: Ball 1-0: Ball 2-0: Called Strike 2-1: Ball 3-1: Ground out 5-3 (Groundball, 56S)
|
Top of the 3rd over - 1 run(s), 1 hit(s), 0 error(s), 1 left on base; Vista 1 - San Francisco 1 |
BOTTOM OF THE 3RD |
San Francisco Bandits batting - Pitching for Vista Panthers : LHP José Zamora
|
Batting: RHB Jorge Díaz
|
0-0: SINGLE (Line Drive, 6D)
|
Batting: RHB Pete Rideout
|
0-0: Ball 1-0: Called Strike 1-1: Ball 2-1: Ball 3-1: Called Strike 3-2: Foul Ball, location: 2F 3-2: Fielders Choice at 2nd, 6-4 (Groundball, 6)
|
Batting: SHB Vicente Ricks
|
0-0: Foul Ball, location: 2F 0-1: Ball 1-1: Ball 2-1: Foul Ball, location: 2F 2-2: Foul Ball, location: 2F 2-2: Ball 3-2: SINGLE (Flyball, 89M) Pete Rideout to second
|
Batting: RHB Jorge Morales
|
0-0: Ball 1-0: Swinging Strike 1-1: Ball 2-1: 3-RUN HOME RUN (Line Drive, 7D), Distance : 381 ft
|
Batting: RHB Cory Foster
|
0-0: Ball 1-0: SINGLE (Flyball, 8LS)
|
Batting: RHB Michael Elliott
|
Pickoff Throw to First - Out! 0-0: Called Strike 0-1: Ball 1-1: Ground out 1-3 (Groundball, 4M)
|
Bottom of the 3rd over - 3 run(s), 4 hit(s), 0 error(s), 0 left on base; Vista 1 - San Francisco 4 |
TOP OF THE 4TH |
Vista Panthers batting - Pitching for San Francisco Bandits : RHP Masamichi Samurakami
|
Batting: LHB Patrick Osborne
|
0-0: Ground out U3 (Groundball, 3L)
|
Batting: RHB John Mendelson
|
0-0: Called Strike 0-1: Called Strike 0-2: Ball 1-2: DOUBLE (Line Drive, 8LXD)
|
Pitching: RHP Pedro Castillo
|
|
Batting: RHB Roberto Cruz
|
0-0: Ball 1-0: Ball 2-0: Called Strike 2-1: Called Strike 2-2: Ball 3-2: Strikes out swinging
|
Pitching: RHP Mal Park
|
|
Batting: LHB António Glaviz
|
0-0: Ball 1-0: Foul Ball, location: 2F 1-1: Ball 2-1: Swinging Strike 2-2: Foul Ball, location: 2F 2-2: Foul Ball, location: 2F 2-2: Strikes out swinging
|
Top of the 4th over - 0 run(s), 1 hit(s), 0 error(s), 1 left on base; Vista 1 - San Francisco 4 |
BOTTOM OF THE 4TH |
San Francisco Bandits batting - Pitching for Vista Panthers : LHP José Zamora
|
Batting: RHB Ramón Ruíz
|
0-0: Called Strike 0-1: Foul Ball, location: 2F 0-2: Ball 1-2: Strikes out swinging
|
Batting: LHB Francisco Calderón
|
0-0: Ball 1-0: Foul Ball, location: 2F 1-1: Ball 2-1: Reached on Error, E7 (Flyball, 7D)
|
Batting: RHB Susumu Sugiyama
|
0-0: Fielders Choice at 2nd, 2-6 (Groundball, 2R)
|
Batting: RHB Jorge Díaz
|
0-0: Ball Throwing error on steal attempt, E2 Susumu Sugiyama to third 1-0: Ball 2-0: Ground out 6-3 (Groundball, 6M)
|
Bottom of the 4th over - 0 run(s), 0 hit(s), 2 error(s), 1 left on base; Vista 1 - San Francisco 4 |
TOP OF THE 5TH |
Vista Panthers batting - Pitching for San Francisco Bandits : RHP Mal Park
|
Pitching: RHP José Rivera
|
|
Batting: RHB Danny Crouch
|
0-0: Fly out, F3 (Popup, 3F)
|
Pitching: RHP Carlos Ruíz
|
|
Batting: SHB Juan Gómez
|
0-0: Ball 1-0: Ball 2-0: Ball 3-0: Called Strike 3-1: Foul Ball, location: 2F 3-2: Ground out 3-1 (Groundball, 34)
|
Batting: LHB Harry Pitts
|
0-0: Ball 1-0: Ball 2-0: Ball 3-0: Base on Balls
|
Batting: RHB Wilson López
|
0-0: Ball 1-0: Called Strike 1-1: Called Strike 1-2: Ground out 5-3 (Groundball, 5)
|
Top of the 5th over - 0 run(s), 0 hit(s), 0 error(s), 1 left on base; Vista 1 - San Francisco 4 |
BOTTOM OF THE 5TH |
San Francisco Bandits batting - Pitching for Vista Panthers : LHP José Zamora
|
Batting: RHB Pete Rideout
|
0-0: Called Strike 0-1: Ball 1-1: Foul Ball, location: 2F 1-2: Ball 2-2: Foul Ball, location: 2F 2-2: Foul Ball, location: 2F 2-2: Ground out 4-3 (Groundball, 34)
|
Batting: SHB Vicente Ricks
|
0-0: Ball 1-0: Ball 2-0: Ball 3-0: Called Strike 3-1: Base on Balls
|
Batting: RHB Jorge Morales
|
0-0: Called Strike 0-1: SINGLE (Groundball, 56D) Vicente Ricks to second
|
Batting: RHB Cory Foster
|
0-0: Fielders Choice at 2nd, 6-4 (Groundball, 6M) Vicente Ricks to third
|
Batting: RHB Michael Elliott
|
0-0: Ball 1-0: Called Strike 1-1: Fly out, F5 (Line Drive, 5)
|
Bottom of the 5th over - 0 run(s), 1 hit(s), 0 error(s), 2 left on base; Vista 1 - San Francisco 4 |
TOP OF THE 6TH |
Vista Panthers batting - Pitching for San Francisco Bandits : RHP Carlos Ruíz
|
Batting: RHB Jason Jackson
|
0-0: Called Strike 0-1: Ball 1-1: Foul Ball, location: 2F 1-2: Foul Ball, location: 2F 1-2: Foul Ball, location: 2F 1-2: Ball 2-2: SINGLE (Groundball, 4MD) (infield hit)
|
Batting: LHB Patrick Osborne
|
0-0: Called Strike 0-1: Ball 1-1: Called Strike 1-2: Ball 2-2: Strikes out looking
|
Batting: RHB John Mendelson
|
0-0: Ball 1-0: Called Strike 1-1: Ball 2-1: Foul Ball, location: 2F 2-2: Fielders Choice at 2nd, 3-6 (Groundball, 3)
|
Batting: RHB Roberto Cruz
|
0-0: Ball 1-0: DOUBLE (Flyball, 7LM) John Mendelson to third Runner from 3rd tries for Home, SAFE, no throw or cutoff
|
Batting: LHB António Glaviz
|
0-0: Ball 1-0: Ball 2-0: Foul Ball, location: 2F 2-1: Called Strike 2-2: Foul Ball, location: 2F 2-2: Foul Ball, location: 2F 2-2: SINGLE (Flyball, 9LM) Roberto Cruz to third Runner from 3rd tries for Home, SAFE, no throw or cutoff
|
Batting: RHB Danny Crouch
|
0-0: Ball António Glaviz steals 2nd base 1-0: Ball 2-0: SINGLE (Groundball, 13) (infield hit) António Glaviz to third
|
Batting: SHB Juan Gómez
|
0-0: Foul Ball, location: 2F 0-1: Ball 1-1: Swinging Strike 1-2: Ball 2-2: Ball 3-2: Base on Balls Danny Crouch to second
|
Batting: LHB Harry Pitts
|
0-0: Called Strike 0-1: Ball 1-1: Ball 2-1: Ball 3-1: Base on Balls António Glaviz scores Danny Crouch to third Juan Gómez to second
|
Batting: RHB Wilson López
|
0-0: Called Strike 0-1: Swinging Strike 0-2: Ball 1-2: Ball 2-2: Ball 3-2: Base on Balls Danny Crouch scores Juan Gómez to third Harry Pitts to second
|
Batting: RHB Jason Jackson
|
0-0: Ball 1-0: Ball 2-0: Ball 3-0: Called Strike 3-1: Base on Balls Juan Gómez scores Harry Pitts to third Wilson López to second
|
Pitching: LHP António Coronado
|
|
Batting: LHB Patrick Osborne
|
0-0: Called Strike 0-1: Ball 1-1: Foul Ball, location: 2F 1-2: Ball 2-2: Ball 3-2: Strikes out looking
|
Top of the 6th over - 5 run(s), 4 hit(s), 0 error(s), 3 left on base; Vista 6 - San Francisco 4 |
BOTTOM OF THE 6TH |
San Francisco Bandits batting - Pitching for Vista Panthers : LHP José Zamora
|
Batting: RHB Ramón Ruíz
|
0-0: Foul Ball, location: 2F 0-1: Swinging Strike 0-2: Ball 1-2: Ball 2-2: Foul Ball, location: 2F 2-2: Foul Ball, location: 2F 2-2: Foul Ball, location: 2F 2-2: Fly out, F9 (Flyball, 9M)
|
Batting: LHB Francisco Calderón
|
0-0: Ball 1-0: Ball 2-0: Called Strike 2-1: Ball 3-1: Foul Ball, location: 2F 3-2: Fly out, F6 (Popup, 6MD)
|
Batting: RHB Susumu Sugiyama
|
0-0: Fly out, F9 (Flyball, 89D)
|
Bottom of the 6th over - 0 run(s), 0 hit(s), 0 error(s), 0 left on base; Vista 6 - San Francisco 4 |
TOP OF THE 7TH |
Vista Panthers batting - Pitching for San Francisco Bandits : LHP António Coronado
|
Batting: RHB John Mendelson
|
0-0: Ball 1-0: SINGLE (Line Drive, 9LS)
|
Batting: RHB Roberto Cruz
|
0-0: Called Strike John Mendelson steals 2nd base 0-1: Swinging Strike 0-2: Foul Ball, location: 2F 0-2: Ball 1-2: Ball 2-2: Ball 3-2: Intentional Walk
|
Batting: LHB António Glaviz
|
0-0: Foul Ball, location: 2F 0-1: Fly out, F9 (Flyball, 9LD) Runner from 2nd tags up, SAFE at 3rd, no throw
|
Batting: RHB Danny Crouch
|
0-0: Foul Ball, location: 2F 0-1: Ball 1-1: Ball 2-1: Foul Ball, location: 2F 2-2: Ball 3-2: Grounds into double play, 4-6-3 (Groundball, 4)
|
Top of the 7th over - 0 run(s), 1 hit(s), 0 error(s), 1 left on base; Vista 6 - San Francisco 4 |
BOTTOM OF THE 7TH |
San Francisco Bandits batting - Pitching for Vista Panthers : LHP José Zamora
|
Batting: RHB Jorge Díaz
|
0-0: Ball 1-0: Ball 2-0: Ball 3-0: Called Strike 3-1: SOLO HOME RUN (Flyball, 7D), Distance : 386 ft
|
Batting: RHB Pete Rideout
|
0-0: Ball 1-0: Called Strike 1-1: Called Strike 1-2: Ball 2-2: Ball 3-2: Foul Ball, location: 2F 3-2: Fly out, F5 (Popup, 5SF)
|
Batting: SHB Vicente Ricks
|
0-0: Foul Ball, location: 2F 0-1: Ball 1-1: SINGLE (Flyball, 7LS)
|
Batting: RHB Jorge Morales
|
0-0: Foul Ball, location: 2F 0-1: Ball 1-1: Swinging Strike 1-2: Strikes out swinging
|
Batting: RHB Cory Foster
|
0-0: SINGLE (Line Drive, 4D) Vicente Ricks to second
|
Batting: RHB Michael Elliott
|
0-0: Ball 1-0: Called Strike 1-1: TRIPLE (Flyball, 7LD) Vicente Ricks scores Cory Foster scores
|
Pitching: RHP Warren Piniella
|
|
Pinch Runner at 3rd Charles-Antoine Champagne:
|
|
Pinch Hitting: LHB John Peterson
|
0-0: Called Strike 0-1: Called Strike 0-2: Ball 1-2: Ball 2-2: Ball 3-2: Base on Balls
|
Batting: LHB Francisco Calderón
|
0-0: Called Strike 0-1: Ball 1-1: Ball 2-1: SINGLE (Line Drive, 56D) Charles-Antoine Champagne scores John Peterson to second
|
Batting: RHB Susumu Sugiyama
|
0-0: Ball 1-0: SINGLE (Flyball, 4MD) John Peterson to third Francisco Calderón to second Runner from 3rd tries for Home, SAFE, no throw or cutoff
|
Batting: RHB Jorge Díaz
|
0-0: Ball 1-0: Foul Ball, location: 2F 1-1: Swinging Strike 1-2: Foul Ball, location: 2F 1-2: SINGLE (Line Drive, 6) Francisco Calderón to third Susumu Sugiyama to second Runner from 3rd tries for Home, SAFE, throw made home Susumu Sugiyama to third Jorge Díaz to second
|
Batting: RHB Pete Rideout
|
0-0: Ball 1-0: Fly out, F6 (Popup, 6)
|
Bottom of the 7th over - 6 run(s), 7 hit(s), 0 error(s), 2 left on base; Vista 6 - San Francisco 10 |
TOP OF THE 8TH |
Vista Panthers batting - Pitching for San Francisco Bandits : LHP António Coronado
|
Now at 1B: Culley Douglas
|
|
Now in RF: Charles-Antoine Champagne
|
|
Batting: SHB Juan Gómez
|
0-0: Swinging Strike 0-1: Called Strike 0-2: Ball 1-2: Ball 2-2: Strikes out swinging
|
Batting: LHB Harry Pitts
|
0-0: SINGLE (Flyball, 8LS)
|
Batting: RHB Wilson López
|
0-0: Called Strike 0-1: Ball 1-1: Ball 2-1: Ball 3-1: Ground out 5-3 (Groundball, 56S) Harry Pitts to second
|
Batting: RHB Jason Jackson
|
0-0: Called Strike 0-1: Called Strike 0-2: Ball 1-2: Ground out 6-3 (Groundball, 6)
|
Top of the 8th over - 0 run(s), 1 hit(s), 0 error(s), 1 left on base; Vista 6 - San Francisco 10 |
BOTTOM OF THE 8TH |
San Francisco Bandits batting - Pitching for Vista Panthers : RHP Warren Piniella
|
Batting: SHB Vicente Ricks
|
0-0: Called Strike 0-1: SINGLE (Groundball, 3D)
|
Batting: RHB Jorge Morales
|
0-0: Called Strike 0-1: Ball 1-1: Foul Ball, location: 2F 1-2: Foul Ball, location: 2F 1-2: Ball 2-2: SINGLE (Groundball, 6MD) Vicente Ricks to second Runner from 2nd tries for 3rd, SAFE, throw made to third Jorge Morales to second
|
Pinch Runner at 3rd Scott Merritt:
|
|
Batting: RHB Cory Foster
|
0-0: Ball 1-0: Ball 2-0: Ball 3-0: Base on Balls
|
Batting: LHB Charles-Antoine Champagne
|
0-0: Ball 1-0: Ball 2-0: Called Strike 2-1: Ball 3-1: Ground out 3-1 (Groundball, 34) Scott Merritt scores Jorge Morales to third Cory Foster to second
|
Pitching: LHP Ricardo García
|
|
Batting: RHB Culley Douglas
|
0-0: Called Strike 0-1: Swinging Strike 0-2: Foul Ball, location: 2F 0-2: Ball 1-2: Strikes out swinging
|
Batting: LHB Francisco Calderón
|
0-0: SINGLE (Line Drive, 78M) Jorge Morales scores Cory Foster to third Runner from 3rd tries for Home, SAFE, no throw or cutoff
|
Batting: RHB Susumu Sugiyama
|
0-0: Ball 1-0: Called Strike 1-1: Ball 2-1: Ball 3-1: Called Strike 3-2: SINGLE (Line Drive, 6D) Francisco Calderón to second Francisco Calderón to third
|
Batting: RHB Jorge Díaz
|
0-0: SINGLE (Line Drive, 78S) Francisco Calderón scores Susumu Sugiyama to second
|
Batting: RHB Pete Rideout
|
0-0: Ball 1-0: Called Strike 1-1: Fly out, F4 (Popup, 6MD)
|
Bottom of the 8th over - 4 run(s), 5 hit(s), 0 error(s), 2 left on base; Vista 6 - San Francisco 14 |
TOP OF THE 9TH |
Vista Panthers batting - Pitching for San Francisco Bandits : LHP António Coronado
|
Now at C: Scott Merritt
|
|
Batting: LHB Patrick Osborne
|
0-0: SINGLE (Line Drive, 6)
|
Batting: RHB John Mendelson
|
0-0: Ball 1-0: Foul Ball, location: 2F 1-1: 2-RUN HOME RUN (Flyball, 7D), Distance : 384 ft
|
Batting: RHB Roberto Cruz
|
0-0: Foul Ball, location: 2F 0-1: Fly out, F9 (Flyball, 9D)
|
Batting: LHB António Glaviz
|
0-0: Called Strike 0-1: Ball 1-1: Foul Ball, location: 2F 1-2: Ball 2-2: SINGLE (Groundball, 3D)
|
Batting: RHB Danny Crouch
|
0-0: Swinging Strike 0-1: Swinging Strike 0-2: Ball 1-2: Ball 2-2: Ball 3-2: Fielders Choice at 2nd, 6-4 (Groundball, 6)
|
Batting: SHB Juan Gómez
|
0-0: Ball 1-0: Called Strike 1-1: Foul Ball, location: 2F 1-2: Ball 2-2: Ball 3-2: Base on Balls Danny Crouch to second
|
Batting: LHB Harry Pitts
|
0-0: Ball 1-0: Ball 2-0: Called Strike 2-1: Ball 3-1: Foul Ball, location: 2F 3-2: Base on Balls Danny Crouch to third Juan Gómez to second
|
Batting: RHB Wilson López
|
0-0: Ball 1-0: Called Strike 1-1: Ball 2-1: Called Strike 2-2: Strikes out swinging
|
Top of the 9th over - 2 run(s), 3 hit(s), 0 error(s), 3 left on base; Vista 8 - San Francisco 14 |
|